 Dungeon Crawl Stone Soup version 0.20.0-10-g0535bb4 (webtiles) character file.

833 McKennaii the Shield-Bearer (level 7, -2/54 HPs)
             Began as a Demonspawn Fighter on June 5, 2017.
             Slain by Grinder (6 damage)
             ... on level 5 of the Dungeon.
             The game lasted 00:06:12 (4225 turns).

McKennaii the Shield-Bearer (Demonspawn Fighter)    Turns: 4225, Time: 00:06:13

Health: -2/54      AC: 12    Str: 18    XL:     7   Next: 66%
Magic:  7/7        EV:  5    Int: 14    God:
Gold:   228        SH: 16    Dex: 13    Spells: 6/6 levels left

rFire    . . .     SeeInvis .   a - +0 long sword
rCold    + . .     Gourm    .   c - +0 shield
rNeg     . . .     Faith    .   s - +2 chain mail {rC+}
rPois    .         Spirit   .   (helmet restricted)
rElec    .         Reflect  .   (no cloak)
rCorr    .         Harm     .   x - +0 pair of gloves
MR       .....                  (no boots)
Stlth    ..........             (no amulet)
Regen    0.2/turn               (no ring)
MPRegen  0.1/turn               (no ring)

@: brilliant
A: horns 1, large bone plates 2, powered by death 1
a: no special abilities


You were on level 5 of the Dungeon.
You were not hungry.

You visited 1 branch of the dungeon, and saw 5 of its levels.

You collected 228 gold pieces.

Inventory:

Hand Weapons
 a - a +0 long sword (weapon)
Armour
 c - a +0 shield (worn)
 s - a +2 chain mail of cold resistance (worn)
 x - a +0 pair of gloves (worn)
Jewellery
 w - an uncursed ring of wizardry
Wands
 v - a wand of flame (19/48)
 y - a wand of polymorph (2/24)
Scrolls
 e - a scroll of noise {unknown}
 g - a scroll of random uselessness {unknown}
 k - 2 scrolls of enchant weapon {unknown}
 m - 2 scrolls of remove curse {unknown}
 n - 3 scrolls of fear {unknown}
 t - 3 scrolls of identify {unknown}
 u - 2 scrolls of teleportation {unknown}
Potions
 b - a potion of flight {unknown}
 d - a potion of might
 i - a potion of magic
 j - 2 potions of cancellation {unknown}
 l - a potion of degeneration {unknown}
 o - 2 potions of brilliance
 p - a potion of lignification {unknown}
 q - 2 potions of ambrosia {unknown}
 z - 2 potions of agility {unknown}
Comestibles
 f - 4 bread rations
 h - 6 fruits
 r - a royal jelly


   Skills:
 + Level 4.2 Fighting
 + Level 4.8 Long Blades
 + Level 4.0 Armour
 + Level 1.0 Dodging
 + Level 0.8 Stealth
 + Level 5.3 Shields


You had 6 spell levels left.
You didn't know any spells.

Dungeon Overview and Level Annotations

Branches:
Dungeon (5/15)
 Temple: D:4-7

Altars:
Cheibriados
Xom

Annotations:
D:5 Grinder


Innate Abilities, Weirdness & Mutations

You have a pair of small horns on your head.
You are mostly covered in large bone plates. (SH +6)
You regenerate a little health from kills.


Message History

Grinder gestures at you.
You suddenly lose the ability to move!
Grinder hits you.
You writhe in agony.
Grinder hits you. Grinder hits you!
You writhe in agony.
Grinder gestures at you. Pain shoots through your body! Grinder hits you.
You writhe in agony.
* * * LOW HITPOINT WARNING * * *
Grinder hits you.
* * * LOW HITPOINT WARNING * * *
You writhe in agony.
* * * LOW HITPOINT WARNING * * *
You can move again.
Wield which item (- for none, * to show all)? (? for menu, Esc to quit)
Okay, then.
It was a potion of brilliance.
You feel clever all of a sudden. You block Grinder's attack.
It was a potion of magic.
Magic courses through your body. Grinder hits you.
You die...

........#####
..[.....#
........######## #.
................
...
........#########.#
.######.# #!....###
#.### #........
####...###........
#.......5@(†......
#.........)†......
#.................
#.................
#.................
###########.......
...#### ...# ...#


You could see Grinder.

Vanquished Creatures
  Sigmund (D:3)
  The ghost of boben the Ducker, an amateur DrTm (D:3)
  2 ogres
  2 orc priests (D:3)
  Terence (D:3)
  2 iguanas (D:4)
  Natasha (thrice) (D:3)
  An orc wizard (D:2)
  3 adders
  A shadow imp (D:5)
  An adder skeleton (D:4)
  4 worms
  7 dart slugs
  7 leopard geckos
  20 orcs
  3 giant cockroaches
  14 goblins
  10 hobgoblins
  4 jackals (D:2)
  2 quokkas (D:2)
  A ball python (D:4)
  7 bats
  10 kobolds
  A quokka skeleton (D:4)
  5 rats
113 creatures vanquished.

Notes
Turn   | Place    | Note
-------+----------+-------------------------------------------
     0 | D:1      | McKennaii the Demonspawn Fighter began the quest for the Orb.
     0 | D:1      | Reached XP level 1. HP: 18/18 MP: 1/1
   398 | D:1      | Gained mutation: You are partially covered in large bone plates. (SH +4) [demonic ancestry]
   398 | D:1      | Reached XP level 2. HP: 20/24 MP: 2/2
  1066 | D:2      | Gained mutation: You have a pair of small horns on your head. [demonic ancestry]
  1066 | D:2      | Reached XP level 3. HP: 24/29 MP: 3/3
  1230 | D:2      | Reached skill level 3 in Shields
  1292 | D:2      | Found a snail-covered altar of Cheibriados.
  1496 | D:2      | Gained mutation: You regenerate a little health from kills. [demonic ancestry]
  1496 | D:2      | Reached XP level 4. HP: 34/35 MP: 4/4
  1810 | D:3      | Noticed boben's ghost (amateur DrTm)
  2129 | D:3      | Killed boben's ghost
  2129 | D:3      | Reached XP level 5. HP: 11/42 MP: 5/5
  2416 | D:3      | Noticed Natasha
  2426 | D:3      | Killed Natasha
  2426 | D:3      | Reached skill level 4 in Shields
  2524 | D:3      | Noticed Terence
  2544 | D:3      | Killed Terence
  2544 | D:3      | Gained mutation: You are mostly covered in large bone plates. (SH +6) [demonic ancestry]
  2544 | D:3      | Reached XP level 6. HP: 41/48 MP: 6/6
  2577 | D:3      | Noticed Natasha
  2588 | D:3      | Killed Natasha
  2772 | D:3      | Noticed Natasha
  2780 | D:3      | Killed Natasha
  2913 | D:3      | Found a shimmering altar of Xom.
  2938 | D:3      | Noticed Sigmund
  2946 | D:3      | Killed Sigmund
  2946 | D:3      | Reached XP level 7. HP: 54/54 MP: 7/7
  3542 | D:3      | Reached skill level 5 in Shields
  3930 | D:4      | Reached skill level 1 in Dodging
  4172 | D:5      | Entered Level 5 of the Dungeon
  4197 | D:5      | Noticed Grinder
  4218 | D:5      | Paralysed by Grinder for 6 turns
  4225 | D:5      | Slain by Grinder

Skill      XL: |  1  2  3  4  5  6  7 |
---------------+----------------------+-----
Long Blades    | 2 3 4 |  4.8
Armour         | 3 4 |  4.0
Shields        | 3 4 5 |  5.3
Fighting       | 4 |  4.2
Dodging        | 1 |  1.0
Stealth        | |  0.8

Action                   |  1- 3 |  4- 6 |  7- 9 || total
-------------------------+-------+-------+-------++-------
Melee: Long sword        |   173 |   218 |    84 ||   475
       Headbutt          |    13 |    43 |    13 ||    69
  Use: Potion            |       |       |     2 ||     2
  Eat: Chunk             |     1 |     7 |     4 ||    12
Armor: Scale mail        |    21 |       |       ||    21
       Chain mail        |    65 |   107 |    22 ||   194
Dodge: Dodged            |    30 |    34 |    12 ||    76
Block: Shield            |   109 |   200 |    68 ||   377
       Rpst.: Long sword |     8 |    11 |     5 ||    24
